 Dungeon Crawl Stone Soup version 0.24.0-123-gd5b16e6ec5 (webtiles) character file.

Game seed: 13852252278358539086, levelgen mode: deterministic

6443 Delamore the Severer (level 10, 0/78 HPs)
             Began as a Hill Orc Fighter on Dec 22, 2019.
             Was a High Priest of Okawaru.
             Slain by a death yak (17 damage)
             ... on level 8 of the Dungeon.
             The game lasted 00:11:06 (7773 turns).

Delamore the Severer (Hill Orc Fighter)             Turns: 7773, Time: 00:11:06

Health: 0/78       AC: 19    Str: 25    XL:     10   Next: 99%
Magic:  10/10      EV:  4    Int:  8    God:    Okawaru [*****.]
Gold:   380        SH:  9    Dex: 10    Spells: 9/9 levels left

rFire    . . .     SeeInvis +   a - +1 war axe
rCold    . . .     Gourm    .   c - +0 shield
rNeg     . . .     Faith    .   I - +0 plate armour
rPois    .         Spirit   .   s - +2 hat {SInv}
rElec    .         Reflect  .   y - +2 cloak
rCorr    .         Harm     .   t - +0 pair of gloves
MR       .....                  o - +1 pair of boots
Stlth    ..........             (no amulet)
HPRegen  0.23/turn              j - ring of see invisible
MPRegen  0.12/turn              p - +2 ring of strength

@: no status effects
A: no striking features
a: Heroism, Finesse, Renounce Religion


You were on level 8 of the Dungeon.
You worshipped Okawaru.
Okawaru was extremely pleased with you.
You were not hungry.

You visited 2 branches of the dungeon, and saw 10 of its levels.
You also visited: Ossuary.

You collected 380 gold pieces.

Inventory:

Hand Weapons
 a - a +1 war axe (weapon)
Armour
 c - a +0 shield (worn)
 o - a +1 pair of boots (worn)
 r - a scarf of resistance
 s - a +2 hat of see invisible (worn)
 t - a +0 pair of gloves (worn)
 y - a +2 cloak (worn)
 I - a +0 plate armour (worn)
Jewellery
 j - a ring of see invisible (left hand)
 p - a +2 ring of strength (right hand)
Wands
 g - a wand of digging (3)
 u - a wand of acid (13)
 C - a wand of polymorph (5)
 L - a wand of disintegration (13)
Scrolls
 b - a scroll of enchant armour {unknown}
 e - 3 scrolls of enchant weapon
 h - 2 scrolls of teleportation
 l - 7 scrolls of remove curse
 v - 4 scrolls of amnesia
 x - 2 scrolls of fog
 z - a scroll of summoning
 H - a scroll of acquirement {unknown}
 J - 2 scrolls of blinking {unknown}
 K - a scroll of vulnerability {unknown}
 M - a scroll of immolation {unknown}
 O - a scroll of random uselessness {unknown}
Potions
 d - 4 potions of might
 i - a potion of cancellation
 k - a potion of heal wounds
 m - 5 potions of curing {unknown}
 n - a potion of magic {unknown}
 q - 4 potions of haste {unknown}
 w - 2 potions of agility {unknown}
 A - 2 potions of experience {unknown}
 B - a potion of invisibility
 D - 2 potions of degeneration
 E - 2 potions of brilliance {unknown}
 F - 2 potions of flight
 G - a potion of lignification
Comestibles
 f - 24 rations
 N - 2 chunks of flesh


   Skills:
 + Level 4.1 Fighting
 + Level 19.2 Axes
 - Level 3.2 Armour
 - Level 3.2 Shields


You had 9 spell levels left.
You didn't know any spells.
Your spell library contained the following spells:

 Spells                   Type           Power        Failure   Level  Hunger
 Beastly Appendage        Tmut           #.....       100%        1    ##.....
 Sticks to Snakes         Tmut           #.......     100%        2    ###....
 Spider Form              Tmut/Pois      #.........   100%        3    ####...
 Ice Form                 Ice/Tmut       #.......     100%        4    #####..
 Blade Hands              Tmut           #.........   100%        5    ######.


Dungeon Overview and Level Annotations

Branches:
Dungeon (9/15)             Temple (1/1) D:4         Ossuary (visited)
   Lair: D:8-11         Orc: D:9-12

Altars:
Ashenzari
Cheibriados
Dithmenos
Elyvilon
Fedhas
Gozag
Hepliaklqana
Kikubaaqudgha
Makhleb
Nemelex Xobeh
Okawaru
Qazlal
Ru
Sif Muna
Trog
Uskayaw
Vehumet
Wu Jian
Xom
Yredelemnul
Zin
The Shining One

Shops:
D:5 *   D:9 :

Annotations:
D:2 1 runed translucent door, Crazy Yiuf
D:4 2 transporters, Quirk's ghost, amateur DsAK


Message History

The death yak gores you but does no damage.
It was a potion of heal wounds.
You feel much better. The death yak barely misses you.
You hit the death yak but do no damage.
The death yak is moderately wounded.
You block the death yak's attack.
You hit the death yak but do no damage.
The death yak is moderately wounded.
You slash the death yak!
The death yak is heavily wounded.
The death yak gores you but does no damage.
You slice the death yak!!
The death yak is severely wounded.
The death yak snorts and paws the ground.
The death yak gores you!
* * * LOW HITPOINT WARNING * * *
You slash the death yak!
The death yak is severely wounded.
The death yak gores you!
You die...

#..............#####.#
#.#
####.................#
#.#
#...#.......####..####.#
##### #...........#
#.......# ....#
#..#........# ##.######
###.# #..#........#
#..########
###.###..........##
##.#.......
...........<....Y#
#.#.######
###.............@# #.#.#
............####[# #.#.#
#######.##.##
#.#######.#.# # #(##.#
#[........#.# # #.##.#
#.#########.# #.##.# #.#
#.# #<##.# #.# #.######
#.##.# #.# #.......
#.##.# #.# ########


You could see a death yak.

Vanquished Creatures
  Gastronok (D:8)
  Harold (D:8)
  Grinder (D:3)
  Eustachio (D:4)
  2 wraiths (Ossuary)
  A water moccasin (D:7)
  An orc warrior (D:7)
  2 black bears
  An ice beast (D:7)
  3 sky beasts
  A necrophage (D:8)
  3 centaurs
  4 ogres
  An elf zombie (D:6)
  4 bullfrogs
  2 elf skeletons (D:6)
  2 scorpions
  3 killer bees (D:8)
  2 wights (Ossuary)
  6 howler monkeys
  3 crimson imps
  2 jellies
  A bullfrog skeleton (D:8)
  3 hounds
  5 orc wizards
  A centaur skeleton (D:5)
  6 orc priests
  2 bullfrog zombies
  2 human skeletons (D:6)
  2 iguanas (D:4)
  5 worker ants
  A hound zombie (D:5)
  A hound skeleton (D:6)
  A worker ant zombie (D:7)
  A howler monkey skeleton (D:5)
  17 adders
  2 shadow imps
  2 adder zombies
  5 adder skeletons
  2 worms
  2 dart slugs
  6 leopard geckos
  8 orcs
  8 bats
  7 giant cockroaches
  15 goblins
  18 hobgoblins
  14 jackals
  5 quokkas
  A ball python (D:3)
  2 ball python skeletons (Ossuary)
  5 frilled lizards
  A hobgoblin skeleton (Ossuary)
  A hobgoblin zombie (Ossuary)
  A jackal zombie (D:5)
  8 kobolds
  2 kobold zombies (Ossuary)
  An orc skeleton (D:6)
  3 orc zombies (Ossuary)
  A quokka skeleton (D:5)
  A quokka zombie (D:7)
  7 rats
223 creatures vanquished.

Notes
Turn   | Place    | Note
-------+----------+-------------------------------------------
     0 | D:1      | Delamore the Hill Orc Fighter began the quest for the Orb.
     0 | D:1      | Reached XP level 1. HP: 19/19 MP: 1/1
    24 | D:1      | Reached skill level 3 in Axes
    54 | D:1      | Reached XP level 2. HP: 26/26 MP: 2/2
    95 | D:1      | Reached skill level 4 in Axes
   329 | D:1      | Reached XP level 3. HP: 30/31 MP: 3/3
   477 | D:2      | Reached skill level 5 in Axes
   628 | D:2      | Reached XP level 4. HP: 39/39 MP: 4/4
   704 | D:2      | Found a runed translucent door.
  1037 | D:2      | Reached skill level 6 in Axes
  1048 | D:2      | Found a burning altar of Makhleb.
  1129 | D:2      | Noticed Crazy Yiuf
  1280 | D:3      | Reached XP level 5. HP: 45/45 MP: 5/5
  1401 | D:3      | Reached skill level 7 in Axes
  1765 | D:3      | Found a shimmering blue altar of Sif Muna.
  2037 | D:4      | Noticed Grinder
  2058 | D:3      | Paralysed by Grinder for 2 turns
  2298 | D:3      | Paralysed by Grinder for 6 turns
  2309 | D:3      | Killed Grinder
  2309 | D:3      | Reached skill level 9 in Axes
  2309 | D:3      | Reached XP level 6. HP: 37/51 MP: 6/6
  2371 | D:4      | Reached XP level 7. HP: 24/57 MP: 7/7
  2480 | D:4      | Reached skill level 10 in Axes
  2604 | D:4      | Found a transporter.
  2604 | D:4      | Noticed Quirk's ghost (amateur DsAK)
  2619 | D:4      | Found a transporter.
  2756 | D:4      | Noticed Eustachio
  2792 | D:4      | Killed Eustachio
  2792 | D:4      | Reached skill level 11 in Axes
  2944 | D:4      | Found a staircase to the Ecumenical Temple.
  3166 | Temple   | Entered the Ecumenical Temple
  3324 | Temple   | Became a worshipper of Warmaster Okawaru
  3358 | D:5      | Entered Level 5 of the Dungeon
  3367 | D:5      | Reached XP level 8. HP: 64/64 MP: 8/8
  3468 | D:5      | Reached skill level 12 in Axes
  3864 | D:5      | Found Giphig's Mayhem Merchandise.
  4134 | D:6      | Found a shadowy altar of Dithmenos.
  4215 | D:6      | Reached * piety under Okawaru
  4215 | D:6      | Reached skill level 13 in Axes
  4337 | D:6      | Reached skill level 14 in Axes
  4337 | D:6      | Reached XP level 9. HP: 38/70 MP: 9/9
  4455 | D:6      | Found a sand-covered staircase.
  4465 | D:6      | Reached ** piety under Okawaru
  4469 | Ossuary  | Entered an ossuary
  4681 | Ossuary  | Reached skill level 15 in Axes
  5144 | D:6      | Reached *** piety under Okawaru
  5256 | D:6      | Found a hazy altar of Hepliaklqana.
  5629 | D:7      | Reached skill level 16 in Axes
  6157 | D:7      | Reached XP level 10. HP: 52/77 MP: 10/10
  6391 | D:7      | Reached skill level 17 in Axes
  6687 | D:8      | Noticed Gastronok
  6719 | D:8      | Killed Gastronok
  6719 | D:8      | Reached **** piety under Okawaru
  6719 | D:8      | Reached skill level 18 in Axes
  7252 | D:8      | Noticed Harold
  7263 | D:8      | Killed Harold
  7263 | D:8      | Reached ***** piety under Okawaru
  7263 | D:8      | Reached skill level 19 in Axes
  7736 | D:9      | Found Wilov's Book Shop.
  7738 | D:9      | Noticed a death yak
  7738 | D:9      | Noticed a death yak
  7740 | D:9      | Noticed a death yak
  7741 | D:9      | Noticed a death yak
  7744 | D:9      | Noticed a death yak
  7773 | D:8      | Slain by a death yak

Levels and vault maps discovered:
D:1:      minmay_arrival_shattered_statue, layout_rooms
D:2:      layout_basic, bloody_makhleb, uniq_crazy_yiuf_cottage
D:3:      cheibrodos_greedy_goblins, layout_basic, lemuel_blue_sif_altar
D:4:      layout_cave_pools, minmay_temple_entry_hall, gammafunk_ghost_arena,
          first_ration, minmay_circle_x, uniq_eustachio, uniq_grinder
D:5:      layout_rooms, minmay_shop_mayhem
D:6:      layout_basic, lemuel_round_altar, nicolae_overflow_crystal_walls,
          nicolae_ossuary_entry_catacombs
D:7:      layout_basic, minmay_fractal_squares_5
D:8:      layout_loops_ring, uniq_harold, uniq_gastronok
D:9:      layout_long_grid, dpeg_lair_monsters, serial_shops, shop
Temple:   regret_index_temple_mists

Skill      XL: |  1  2  3  4  5  6  7  8  9 10 |
---------------+-------------------------------+-----
Axes           | 3 4 5 6 9 11 14 16 19 | 19.2
Fighting       | 4 |  4.1
Armour         | |  3.2
Shields        | |  3.2

Action                   |  1- 3 |  4- 6 |  7- 9 | 10-12 || total
-------------------------+-------+-------+-------+-------++-------
Melee: War axe           |    93 |   160 |   392 |   180 ||   825
  Use: Scroll            |       |       |    12 |       ||    12
       Potion            |       |       |       |     3 ||     3
  Eat: Chunk             |       |     5 |    12 |     6 ||    23
Armor: Scale mail        |    52 |    80 |   142 |    18 ||   292
       Plate armour      |       |       |       |    76 ||    76
Dodge: Dodged            |    15 |    54 |    65 |    24 ||   158
Block: Shield            |    44 |    85 |   143 |    58 ||   330
